 Dungeon Crawl Stone Soup version 0.18.1-48-g4cf74bf (webtiles) character file.

366 Heedrag the Covert (level 7, -1/40 HPs)
             Began as a Kobold Assassin on Aug 13, 2016.
             Slain by an ice beast (11 damage)
             ... on level 4 of the Dungeon.
             The game lasted 00:05:59 (3395 turns).

Heedrag the Covert (Kobold Assassin)                Turns: 3395, Time: 00:05:59

Health: -1/40      AC:  5    Str: 10    XL:     7   Next: 0%
Magic:  7/7        EV: 14    Int: 11    God:
Gold:   179        SH:  0    Dex: 14    Spells: 0 memorised, 6 levels left

rFire  . . .     SeeInvis .     a - +2 dagger
rCold  . . .     Gourm    .     c - +0 robe
rNeg   . . .     Faith    .     (shield restricted)
rPois  .         Spirit   .     o - +2 hat
rElec  .         Dismiss  .     d - +0 cloak
rCorr  .         Reflect  .     (no gloves)
SustAt .         Harm     .     (no boots)
MR     .....                    (no amulet)
Stlth  +++++.....               (no ring)
                                s - -3 ring of dexterity (curse)

@: not resistant to hostile enchantments, quite stealthy
A: carnivore 3
a: no special abilities


You were on level 4 of the Dungeon.
You were completely stuffed.

You visited 1 branch of the dungeon, and saw 4 of its levels.

You collected 179 gold pieces.

Inventory:

Hand Weapons
 a - a +2 dagger (weapon)
 b - a +0 blowgun
 v - a +2 long sword of holy wrath
Missiles
 e - 18 poisoned needles
 f - 2 curare-tipped needles
Armour
 c - a +0 robe (worn)
 d - a +0 cloak (worn)
 o - a +2 hat (worn)
Jewellery
 s - a cursed -3 ring of dexterity (left hand)
Wands
 y - a wand of polymorph (9/24)
Scrolls
 h - a scroll of recharging {unknown}
 i - 4 scrolls of identify {unknown}
 j - 4 scrolls of remove curse {unknown}
 l - 5 scrolls of teleportation {unknown}
 t - 2 scrolls of enchant armour {unknown}
 u - 2 scrolls of magic mapping {unknown}
 w - 2 scrolls of fear {unknown}
 x - a scroll of random uselessness {unknown}
Potions
 k - a potion of heal wounds {unknown}
 m - a potion of ambrosia {unknown}
 n - 2 potions of resistance {unknown}
 p - a potion of might {unknown}
 q - 2 potions of berserk rage {unknown}
 r - 2 potions of cancellation {unknown}
 z - a potion of curing {unknown}
 A - a potion of invisibility {unknown}
 C - a potion of lignification {unknown}
Comestibles
 g - 5 meat rations
 B - a beef jerky


   Skills:
 - Level 2.1 Fighting
 + Level 3.1 Short Blades
 + Level 4.9 Throwing
 - Level 1.2 Dodging
 * Level 9.0 Stealth


You had 6 spell levels left.
You didn't know any spells.

Dungeon Overview and Level Annotations

Branches:
Dungeon (4/15)
 Temple: D:4-7

Altars:
Vehumet
Xom
The Shining One


Innate Abilities, Weirdness & Mutations

You are small and have problems with some larger weapons.
You are carnivorous and can eat meat at any time.


Message History

Ye hit tha ice beast.
Tha ice beast be almost dead.
Tha ice beast closely misses ye.
Ye closely miss tha ice beast.
Tha ice beast be almost dead.
Tha ice beast hits ye but does nay damage.
Ye hit tha ice beast but do nay damage.
Tha ice beast be almost dead.
Ye barely miss tha ice beast.
Tha ice beast be almost dead.
Tha ice beast closely misses ye.
Ye closely miss tha ice beast.
Tha ice beast be almost dead.
Tha ice beast misses ye.
Ye hit tha ice beast but do nay damage.
Tha ice beast be almost dead.
Tha ice beast hits ye.
* * * LOW HITPOINT WARNIN'
* * * Tha ice beast freezes ye!
Ye die...

.).#....######## #.#
#.#.##.# #.
...#.......# #.#
#.#.##.# #.
...#.....#.# #.#
#.#[##.# #.
#.###...##.# #.#
#.#.##.# #.
#.##..>..#.# #.#
#.#.##.# #.
#.##....(#.#######.#
#.#.##.# ##
#.##.###.#.......<.#
#.#.##.# #....#
#.###########.#.#.##.#
######
#........@Y...#...##.#
####################.#
#.##### #......
#######


You could see an ice beast.

Vanquished Creatures
  An ogre (D:4)
  2 jellies (D:2)
  2 hounds
  A hound skeleton (D:4)
  6 adders
  2 oozes (D:1)
  A worm (D:3)
  2 dart slugs (D:2)
  7 orcs
  6 bats
  5 giant cockroaches
  5 goblins
  5 hobgoblins (D:1)
  11 jackals
  2 quokkas
  A sheep (D:2)
  5 giant newts
  9 kobolds
  8 rats
81 creatures vanquished.

Notes
Turn   | Place    | Note
--------------------------------------------------------------
     0 | D:1      | Heedrag the Kobold Assassin began the quest for the Orb.
     0 | D:1      | Reached XP level 1. HP: 12/12 MP: 1/1
    69 | D:1      | Reached XP level 2. HP: 17/17 MP: 2/2
   154 | D:1      | Reached skill level 6 in Stealth
   155 | D:1      | Reached XP level 3. HP: 15/21 MP: 3/3
   210 | D:1      | Found a glowing golden altar of the Shining One.
   877 | D:2      | Reached XP level 4. HP: 23/26 MP: 4/4
  1057 | D:2      | Found a radiant altar of Vehumet.
  1320 | D:2      | Reached skill level 7 in Stealth
  1324 | D:2      | Reached XP level 5. HP: 30/30 MP: 5/5
  1327 | D:2      | Found a shimmering altar of Xom.
  2018 | D:3      | Reached skill level 8 in Stealth
  2018 | D:3      | Reached XP level 6. HP: 23/35 MP: 6/6
  3287 | D:4      | Noticed an ogre
  3294 | D:4      | Killed an ogre
  3294 | D:4      | Reached skill level 9 in Stealth
  3294 | D:4      | Reached XP level 7. HP: 40/40 MP: 7/7
  3395 | D:4      | Slain by an ice beast

Skill      XL: |  1  2  3  4  5  6 |
---------------+-------------------+-----
Stealth        | 6 7 8 9 |  9.0
Throwing       | 3 4 |  4.9
Short Blades   | 3 |  3.1
Fighting       | |  2.1
Dodging        | |  1.2

Action                   |  1- 3 |  4- 6 |  7- 9 || total
-------------------------+-------+-------+-------++-------
Melee: Dagger            |    56 |   156 |    20 ||   232
 Fire: Blowgun           |       |     9 |       ||     9
 Stab: Sleeping          |    16 |    15 |       ||    31
       Distracted        |       |     4 |       ||     4
  Eat: Chunk             |     8 |     8 |       ||    16
Armor: Robe              |     6 |    29 |     4 ||    39
Dodge: Dodged            |    23 |    84 |     8 ||   115
